 Dungeon Crawl Stone Soup version 0.31-a0-233-g139696dc86 (webtiles) character file.

Game seed: 13432625137030928357

31 avis the Caller (level 3, 0/21 HPs)
             Began as an Octopode Summoner on July 8, 2023.
             Slain by a gnoll
             ... wielding a +0 spear
              (5 damage)
             ... on level 2 of the Dungeon.
             The game lasted 00:07:56 (1414 turns).

avis the Caller (Octopode Summoner)                 Turns: 1414, Time: 00:07:56

Health: 0/21       AC:  1    Str:  7    XL:     3   Next: 22%
Magic:  0/7        EV: 13    Int: 19    God:
Gold:   53         SH:  0    Dex: 12    Spells: 5/8 levels left

rFire   . . .        f - +0 short sword
rCold   . . .        (no shield)
rNeg    . . .        (helmet restricted)
rPois   .            (no amulet)
rElec   .            (no ring)
rCorr   .            (no ring)
SInv    .            (no ring)
Will    .....        (no ring)
Stlth   +++          (no ring)
HPRegen 0.23/turn    (no ring)
MPRegen 0.10/turn    (no ring)
                     (no ring)

%: no passive effects
@: no status effects
A: almost no armour, amphibious, 8 rings, camouflage 1, gelatinous body 1,
(nimble swimmer 1), tentacles
a: no special abilities


You were on level 2 of the Dungeon.
You visited 1 branch of the dungeon, and saw 2 of its levels.

You collected 53 gold pieces.

Inventory:

Hand Weapons
 f - a +0 short sword (weapon)
Missiles
 i - 5 javelins
Scrolls
 c - a scroll of amnesia {unknown}
 d - a scroll of vulnerability {unknown}
 e - a scroll of brand weapon {unknown}
 h - 2 scrolls of teleportation {unknown}
Potions
 a - a potion of magic
 b - a potion of might {unknown}
 g - a potion of attraction {unknown}
 j - a potion of enlightenment {unknown}


   Skills:
 - Level 2.0 Dodging
 - Level 2.6 Stealth
 * Level 3.0 Spellcasting
 + Level 4.3 Summonings


You had 5 spell levels left.
You knew the following spells:

 Your Spells              Type           Power      Damage    Failure   Level
a - Summon Small Mammal   Summ           76%        N/A       2%          1
c - Call Imp              Summ           38%        N/A       3%          2

Your spell library contained the following spells:

 Spells                   Type           Power      Damage    Failure   Level
 Call Canine Familiar     Summ           19%        N/A       8%          3
 Beastly Appendage        Tmut           4%         N/A       16%         1
 Summon Guardian Golem    Hex/Summ       11%        N/A       19%         3
 Poisonous Vapours        Pois/Air       4%         N/A       22%         2
 Wereblood                Tmut           2%         N/A       22%         2
 Gell's Gravitas          Tloc           2%         N/A       41%         3
 Spider Form              Tmut/Pois      2%         N/A       41%         3
 Summon Lightning Spire   Summ/Air       11%        N/A       52%         4
 Malign Gateway           Summ/Tloc      5%         N/A       100%        7


Dungeon Overview and Level Annotations

Branches:
Dungeon (2/15)

Altars:

Shops:
D:2 *


Innate Abilities, Weirdness & Mutations

You cannot wear most types of armour.
You are amphibious.
You can wear up to eight rings at the same time.
Your skin changes colour to match your surroundings (Stealth+).
Your rubbery body absorbs attacks. (AC +1, EV +1)
((You are camouflaged when in or above water. (Stealth+)))
You have tentacles for arms and can constrict up to eight enemies at once.


Message History

Your quokka bites the gnoll but does no damage.
The gnoll misses you.
You barely miss the gnoll. You grab the gnoll.
The gnoll is almost dead.
You constrict the gnoll, but do no damage.
Your quokka bites the gnoll.
The gnoll dies!
The gnoll hits you from afar with a +0 spear.
* * * LOW HITPOINT WARNING * * *
Your Spellcasting skill increases to level 3!
You have reached level 3!
Your experience leads to an increase in your attributes!
Increase (S)trength, (I)ntelligence, or (D)exterity?
You feel clever. x2
Your quokka barely misses the gnoll.
Your quokka bites the gnoll but does no damage.
Your quokka bites the gnoll but does no damage.
A bat comes into view.
Casting: Summon Small Mammal (safe; 2% risk of failure)
Confirm with . or Enter, or press ? or * to list all spells.
The gnoll hits you from afar with a +0 spear.
* * * LOW HITPOINT WARNING * * *
You hit the bat.
You kill the bat!
Your quokka bites the gnoll but does no damage.
The gnoll misses you.
Your bat completely misses the gnoll.
Your quokka bites the gnoll but does no damage.
The gnoll hits your bat with a +0 spear!
Your bat dies!
Your bat's corpse disappears in a puff of smoke!
Your quokka barely misses the gnoll.
An endoplasm comes into view.
Found a scroll labelled UTIFFA VOHUI.
The endoplasm quivers.
Your quokka barely misses the gnoll.
Casting: Summon Small Mammal (safe; 2% risk of failure)
Confirm with . or Enter, or press ? or * to list all spells.
The gnoll hits you from afar with a +0 spear.
You die...

######## #......#
#..r...# ..###
#.@....#
#..J..###......#
#?....g....#
......##.r.....#
########.......#
..
#####.........#
.###
#..r..##......#
##.#
###.######......#
#<.###)..#
###########


You could see a gnoll (ally target) and 2 friendly quokkas.

Vanquished Creatures
  An endoplasm (D:1)
  A ball python (D:2)
  A bat (D:2)
  A kobold (D:1)
  A rat (D:1)
5 creatures vanquished.

Vanquished Creatures (collateral kills)
  A gnoll (D:2)
  An endoplasm (D:2)
  A giant cockroach (D:1)
  2 goblins
  A hobgoblin (D:1)
  2 jackals (D:1)
  4 ball pythons
  A bat (D:1)
  2 frilled lizards
  A kobold (D:1)
  A rat (D:1)
17 creatures vanquished.

Grand Total: 22 creatures vanquished

Notes
Turn   | Place    | Note
-------+----------+-------------------------------------------
     0 | D:1      | avis the Octopode Summoner began the quest for the Orb.
     0 | D:1      | Reached XP level 1. HP: 11/11 MP: 3/3
   382 | D:1      | Reached XP level 2. HP: 17/17 MP: 1/5
   476 | D:1      | Learned a level 2 spell: Call Imp
   657 | D:1      | Got the Folio of the Shifting Coward
  1115 | D:2      | Found Fesear's Assorted Antiques.
  1400 | D:2      | Reached XP level 3. HP: 6/21 MP: 1/7
  1414 | D:2      | Slain by a gnoll

Illustrated notes

Levels and vault maps discovered:
D:1:      amcnicky_arrival_gap_in_the_tavern_cellar, layout_basic
D:2:      minmay_general_purpose_star, layout_rooms, serial_shops, shop,
          ebering_ecumenical_altar_webs, minmay_pentomino_z4

Skill      XL: |  1  2 |
---------------+-------+-----
Spellcasting   | 3 |  3.0
Dodging        | |  2.0
Stealth        | |  2.6
Summonings     | |  4.3

Action                     || total
---------------------------++-------
  Melee: Unarmed           ||     5
         Constrict         ||     4
         Tentacles         ||     2
         Short sword       ||    11
   Cast: Summon Small Mamm ||    31
         Call Imp          ||     7
   Stab: Sleeping          ||     2
 Armour: Skin              ||     3
  Dodge: Dodged            ||    13

Table legend: (Time is in decaauts)
 A = Elapsed time spent in this place.
 B = Non-inter-level travel time spent in this place.
 C = Inter-level travel time spent in this place.
 D = Time resting spent in this place.
 E = Time spent auto-exploring this place.
 F = Levels seen in this place.
 G = Mean time per level.
                   A        B        C        D        E       F      G
               +--------+--------+--------+--------+--------+-----+--------+
         Total |   1414 |   1249 |    165 |    449 |    438 |   2 |  707.0 |
       Dungeon |   1414 |   1249 |    165 |    449 |    438 |   2 |  707.0 |
               +--------+--------+--------+--------+--------+-----+--------+

Top non-repeatable levels by time:
     D:1: 1266 daAuts
     D:2: 148 daAuts
